 Dungeon Crawl Stone Soup version 0.28-a0-1493-g08698888e4 (webtiles) character file.

Game seed: 269608748124543546

95 funkygono the Slasher (level 4, -1/35 HPs)
             Began as a Human Cinder Acolyte on Jan 12, 2022.
             Was a High Priest of Ignis.
             Slain by an orc (7 damage)
             ... on level 3 of the Dungeon.
             The game lasted 00:04:04 (2726 turns).

funkygono the Slasher (Human Cinder Acolyte)        Turns: 2726, Time: 00:04:04

Health: -1/35      AC:  5    Str: 17    XL:     4   Next: 95%
Magic:  6/6        EV:  8    Int: 14    God:    Ignis [*****.]
Gold:   146        SH:  0    Dex:  8    Spells: 3/5 levels left

rFire   + . .      SeeInvis .   a - -1 falchion (flame)
rCold   . . .      Faith    .   f - +2 kite shield
rNeg    . . .      Spirit   .   d - +0 ring mail
rPois   .          Reflect  .   (no helmet)
rElec   .          Harm     .   (no cloak)
rCorr   .          Rampage  .   (no gloves)
Will    .....                   (no boots)
Stlth   ..........              (no amulet)
HPRegen 0.11/turn               (no ring)
MPRegen 0.10/turn               (no ring)

@: confused, ambrosia-drunk, very slightly contaminated
A: no striking features
a: Renounce Religion, Fiery Armour, Foxfire Swarm, Rising Flame


You were on level 3 of the Dungeon.
You worshipped Ignis.
Ignis was extremely pleased with you.
You visited 1 branch of the dungeon, and saw 3 of its levels.

You collected 146 gold pieces.

Inventory:

Hand Weapons
 a - a -1 falchion of flaming (weapon)
Armour
 b - a +0 robe
 d - a +0 ring mail (worn)
 f - a +2 kite shield (worn)
Magical Staves
 l - a staff of death
Scrolls
 e - a scroll of magic mapping
 m - a scroll of identify
Potions
 c - a potion of invisibility {unknown}
 g - a potion of degeneration {unknown}
 i - 2 potions of lignification {unknown}
 j - 2 potions of curing {unknown}
 k - a potion of flight {unknown}


   Skills:
 + Level 3.2 Fighting
 + Level 3.9 Long Blades
 + Level 0.6 Armour
 + Level 0.7 Dodging
 + Level 0.6 Shields
 + Level 1.4 Spellcasting
 + Level 3.7 Fire Magic


You had 3 spell levels left.
You knew the following spells:

 Your Spells              Type           Power      Damage    Failure   Level
a - Scorch                Fire           22%        2d6       47%         2

Your spell library contained the following spells:

 Spells                   Type           Power      Damage    Failure   Level
 Beastly Appendage        Tmut           2%         N/A       86%         1
 Wereblood                Tmut           1%         N/A       94%         2
 Spider Form              Tmut/Pois      1%         N/A       99%         3


Dungeon Overview and Level Annotations

Branches:
Dungeon (3/15)

Altars:

Shops:
D:1 (


Message History

The orc is almost dead.
The orc hits you but does no damage.
The orc hits you from afar with a +0 trident.
You hit the orc. You burn the orc.
You kill the orc!
You block the orc's attack.
You closely miss the orc. The orc barely misses you.
You block the orc's attack. The orc closely misses you.
You closely miss the orc. The orc barely misses you. x2
The orc hits you but does no damage.
You slash the orc! You burn the orc.
You kill the orc!
The orc hits you from afar with a +0 trident!
The orc hits you with a +0 trident!
* * * LOW HITPOINT WARNING * * *
Items here: ))) [[ †††.
You hit the orc but do no damage. The orc hits you with a +0 trident.
* * * LOW HITPOINT WARNING * * *
You block the orc's attack.
You barely miss the orc.
A dart slug comes into view.
The orc hits you with a +0 trident.
* * * LOW HITPOINT WARNING * * *
The orc barely misses you.
Casting: Scorch (quite dangerous; 47% risk of failure)
Confirm with . or Enter, or press ? or * to list all spells.
The spell is quite dangerous to miscast (47% risk of failure)!
Continue anyway?
You miscast Scorch.
You are very lightly contaminated with residual magic.
Nothing appears to happen.
The orc hits you but does no damage.
Casting: Scorch (quite dangerous; 47% risk of failure)
Confirm with . or Enter, or press ? or * to list all spells.
The spell is quite dangerous to miscast (47% risk of failure)!
Continue anyway?
You miscast Scorch.
Nothing appears to happen.
The orc barely misses you.
Unknown command.
You see here a hobgoblin corpse.
You are confused.
You feel invigorated.
The orc hits you from afar with a +0 trident!
You die...

##.....#######
##.....# #. ##.....#
#. ####+#.# #. #.#
####.# #.## #.#
.....# #... ...
###### #..#####.#
....# #..#.....#
###.# #.@..# #.#
###.# #.#.o###.###
..... #.#.†......#
..... ..##.###.#.#
###..
#####.###.#)########
#.
#........#.......w.
#.
#.###.##†#.........
#.#####.#
#..#.#.........
...##.#.....#
#.#.#.........


You could see an orc.

Vanquished Creatures
  Terence (D:2)
  An adder (D:2)
  3 worms
  A dart slug (D:1)
  3 orcs (D:3)
  2 ball pythons (D:2)
  3 endoplasms (D:2)
  4 giant cockroaches
  4 goblins
  4 hobgoblins
  9 kobolds
  2 quokkas
  4 bats
  2 frilled lizards
  2 rats
45 creatures vanquished.

Notes
Turn   | Place    | Note
-------+----------+-------------------------------------------
     0 | D:1      | funkygono the Human Cinder Acolyte began the quest for the
                  | Orb.
     0 | D:1      | Reached XP level 1. HP: 18/18 MP: 2/2
   251 | D:1      | Reached XP level 2. HP: 21/24 MP: 3/3
   337 | D:1      | Learned a level 2 spell: Scorch
   387 | D:1      | Found a faded altar of an unknown god.
   438 | D:1      | Found Raigh's Weapon Emporium.
   836 | D:2      | Reached XP level 3. HP: 29/29 MP: 1/4
  1666 | D:2      | Reached XP level 4. HP: 35/35 MP: 2/5
  2225 | D:2      | Noticed Terence
  2239 | D:2      | Killed Terence
  2714 | D:3      | HP: 1/35 [orc (2)]
  2726 | D:3      | Slain by an orc

Illustrated notes

Levels and vault maps discovered:
D:1:      wander_arrival_lonely_grave, layout_rooms,
          chequers_ecumenical_altar_simple_redux, serial_shops,
          nicolae_shop_bloodbath_and_beyond, kennysheep_small_spiral
D:2:      layout_basic, minmay_tetromino_o4, uniq_terence
D:3:      layout_basic, uniq_jessica

Action                   |  1- 3 |  4- 6 || total
-------------------------+-------+-------++-------
Melee: Falchion          |    79 |    50 ||   129
 Cast: Scorch            |    10 |     3 ||    13
Invok: Fiery Armour      |       |     1 ||     1
  Use: Scroll            |     3 |     1 ||     4
       Potion            |       |     1 ||     1
Armor: Robe              |     8 |       ||     8
       Ring mail         |    27 |    12 ||    39
Dodge: Dodged            |    38 |    15 ||    53
Block: Kite shield       |    19 |    25 ||    44

Table legend: (Time is in decaauts)
 A = Elapsed time spent in this place.
 B = Non-inter-level travel time spent in this place.
 C = Inter-level travel time spent in this place.
 D = Time resting spent in this place.
 E = Time spent auto-exploring this place.
 F = Levels seen in this place.
 G = Mean time per level.
                   A        B        C        D        E       F      G
               +--------+--------+--------+--------+--------+-----+--------+
         Total |   2759 |   2688 |     71 |     49 |   2171 |   3 |  919.7 |
       Dungeon |   2759 |   2688 |     71 |     49 |   2171 |   3 |  919.7 |
               +--------+--------+--------+--------+--------+-----+--------+

Top non-repeatable levels by time:
     D:2: 1621 daAuts
     D:1: 837 daAuts
     D:3: 299 daAuts
